 Dungeon Crawl Stone Soup version 0.27-a0-1200-g94dc6ad4cf (webtiles) character file.

Game seed: 15439645066353175854

625 Kinoniko the Carver (level 7, 0/55 HPs)
             Began as a Palentonga Fighter on June 1, 2021.
             Slain by Pikel
             ... wielding a +2 whip of flaming
              (2 damage)
             ... on level 4 of the Dungeon.
             The game lasted 00:03:55 (4104 turns).

Kinoniko the Carver (Palentonga Fighter)            Turns: 4104, Time: 00:03:56

Health: 0/55       AC: 15    Str: 22    XL:     7   Next: 23%
Magic:  0/7        EV:  5    Int:  8    God:
Gold:   216        SH:  9    Dex:  9    Spells: 6/6 levels left

rFire    . . .     SeeInvis +   a - +0 long sword (vorpal)
rCold    . . .     Faith    .   c - +1 kite shield
rNeg     . . .     Spirit   +   b - +0 scale mail
rPois    .         Reflect  .   (no helmet)
rElec    .         Harm     .   q - +0 cloak
rCorr    .         Rampage  .   n - +0 pair of gloves
Will     .....                  (no barding)
Stlth    ..........             e - amulet of guardian spirit
HPRegen  0.18/turn              (no ring)
MPRegen  0.10/turn              (no ring)

@: curled up
A: large, rugged brown scales 3, see invisible, deformed body, roll 1, armoured
tail, reflexive curl
a: Rolling Charge


You were on level 4 of the Dungeon.
You visited 1 branch of the dungeon, and saw 4 of its levels.

You collected 216 gold pieces.

Inventory:

Hand Weapons
 a - a +0 vorpal long sword (weapon)
Armour
 b - a +0 scale mail (worn)
 c - a +1 kite shield (worn)
 n - a +0 pair of gloves (worn)
 q - a +0 cloak (worn)
Jewellery
 e - an amulet of guardian spirit (around neck)
 k - a ring of see invisible
Scrolls
 i - a scroll of teleportation
 r - a scroll of amnesia
Potions
 j - a potion of ambrosia {unknown}
 l - a potion of brilliance {unknown}
 m - a potion of curing {unknown}
 o - a potion of degeneration {unknown}


   Skills:
 - Level 3.0 Fighting
 * Level 8.1 Long Blades
 - Level 2.4 Armour
 - Level 2.4 Shields


You had 6 spell levels left.
You didn't know any spells.
Your spell library contained the following spells:

 Spells                   Type           Power      Damage    Failure   Level
 Beastly Appendage        Tmut           0%         N/A       99%         1
 Wereblood                Tmut           0%         N/A       100%        2
 Spider Form              Tmut/Pois      0%         N/A       100%        3
 Ice Form                 Ice/Tmut       0%         N/A       100%        4
 Hydra Form               Tmut           0%         N/A       100%        5


Dungeon Overview and Level Annotations

Branches:
Dungeon (4/15)
 Temple: D:4-7

Altars:

Annotations:
D:4 Pikel


Innate Abilities, Weirdness & Mutations

You are completely covered in rugged brown scales. (AC +3, +7% HP)
You have supernaturally acute eyesight. (SInv)
Armour fits poorly on your strangely shaped body.
You can roll at nearby foes to attack.
You have a long armoured tail.
You curl defensively after being hit.


Message History

Pikel is moderately wounded.
Pikel hits you but does no damage.
You miss Pikel.
Pikel is moderately wounded.
Pikel hits you with a +2 whip of flaming!
* * * LOW HITPOINT WARNING * * *
Pikel burns you.
* * * LOW HITPOINT WARNING * * *
You closely miss Pikel. You tail-slap Pikel.
Pikel is moderately wounded.
You block Pikel's attack.
Pikel hits you with a +2 whip of flaming.
* * * LOW HITPOINT WARNING * * *
Pikel burns you.
* * * LOW HITPOINT WARNING * * *
You feel much better.
Pikel hits you with a +2 whip of flaming!
Pikel burns you.
You hit Pikel.
Pikel is heavily wounded.
Pikel hits you with a +2 whip of flaming!
Pikel burns you.
* * * LOW HITPOINT WARNING * * *
You hit Pikel but do no damage.
Pikel is heavily wounded.
Pikel hits you with a +2 whip of flaming.
* * * LOW HITPOINT WARNING * * *
Pikel burns you.
* * * LOW HITPOINT WARNING * * *
You closely miss Pikel.
Pikel is heavily wounded.
Pikel checks his coin pouch and frowns.
Pikel barely misses you.
You riposte.
You barely miss Pikel.
Pikel is heavily wounded.
You hit Pikel but do no damage.
Pikel is heavily wounded.
Pikel hits you with a +2 whip of flaming!
* * * LOW HITPOINT WARNING * * *
Pikel burns you.
You die...

#....(....###.###..
#.##.##............
#.##>.+............
#.#####..........##
#.# #..........#
#.# ############
#.# #.########
#.@K5555..
########..


You could see Pikel and 4 lemures.

Vanquished Creatures
  Menkaure (D:4)
  A black bear (D:3)
  Blork the orc (D:4)
  A jelly (D:4)
  Crazy Yiuf (D:2)
  A hound (D:4)
  2 iguanas
  An orc wizard (D:3)
  3 adders
  An ufetubus (D:2)
  An adder skeleton (D:2)
  2 worms
  3 dart slugs
  10 orcs (D:3)
  7 ball pythons
  11 bats
  3 endoplasms
  A giant cockroach (D:1)
  2 goblins
  8 hobgoblins
  14 jackals
  3 quokkas (D:2)
  A kobold (D:1)
  4 rats
83 creatures vanquished.

Vanquished Creatures (collateral kills)
  A bullfrog zombie (D:3)
1 creature vanquished.

Vanquished Creatures (others)
  An orc wizard (D:3)
1 creature vanquished.

Grand Total: 85 creatures vanquished

Notes
Turn   | Place    | Note
-------+----------+-------------------------------------------
     0 | D:1      | Kinoniko the Palentonga Fighter began the quest for the
                  | Orb.
     0 | D:1      | Reached XP level 1. HP: 19/19 MP: 1/1
   487 | D:1      | Reached XP level 2. HP: 25/25 MP: 2/2
   589 | D:1      | Reached skill level 3 in Long Blades
  1106 | D:2      | Reached XP level 3. HP: 24/31 MP: 1/3
  1394 | D:2      | Reached skill level 4 in Long Blades
  1665 | D:2      | Reached XP level 4. HP: 36/37 MP: 4/4
  2319 | D:2      | Found a runed translucent door.
  2320 | D:2      | Noticed Crazy Yiuf
  2327 | D:2      | Killed Crazy Yiuf
  2328 | D:2      | Reached skill level 5 in Long Blades
  2437 | D:3      | Reached XP level 5. HP: 34/43 MP: 3/5
  2545 | D:3      | Noticed a black bear
  2556 | D:3      | Killed a black bear
  2557 | D:3      | Reached skill level 6 in Long Blades
  2796 | D:3      | Reached XP level 6. HP: 45/50 MP: 6/6
  3267 | D:4      | Noticed Blork the orc
  3277 | D:4      | Killed Blork the orc
  3278 | D:4      | Reached skill level 7 in Long Blades
  3855 | D:4      | Noticed Menkaure
  3864 | D:4      | Killed Menkaure
  3865 | D:4      | Reached skill level 8 in Long Blades
  3865 | D:4      | Gained mutation: You curl defensively after being hit.
                  | [Palentonga growth]
  3865 | D:4      | Reached XP level 7. HP: 37/55 MP: 2/7
  4080 | D:4      | Noticed Pikel
  4104 | D:4      | HP: 2/55 [Pikel/+2 whip of flaming (7)]
  4104 | D:4      | Slain by Pikel

Illustrated notes

Levels and vault maps discovered:
D:1:      dpeg_arrival_prison, layout_basic, amcnicky_mini_rare_corridor_liquid
D:2:      layout_loops_ring, minivault_19, minmay_pentomino_t2,
          uniq_crazy_yiuf_cottage
D:3:      layout_basic, cheibrodos_sewer_entry_bend
D:4:      layout_basic, lemuel_tele_altar, tgw_sif, uniq_pikel, uniq_menkaure,
          uniq_blork_the_orc

Skill      XL: |  1  2  3  4  5  6 |
---------------+-------------------+-----
Long Blades    | 3 4 5 6 8 |  8.1
Fighting       | |  3.0
Armour         | |  2.4
Shields        | |  2.4

Action                   |  1- 3 |  4- 6 |  7- 9 || total
-------------------------+-------+-------+-------++-------
Melee: Long sword        |   102 |   158 |    22 ||   282
       Tailslap          |    10 |    12 |     2 ||    24
  Use: Scroll            |       |     8 |     1 ||     9
       Potion            |       |     4 |     1 ||     5
Armor: Scale mail        |    69 |   103 |     2 ||   174
       Skin              |       |     2 |       ||     2
Dodge: Dodged            |    36 |    33 |     3 ||    72
Block: Kite shield       |    63 |    77 |     9 ||   149
       Rpst.: Long sword |    11 |     6 |     2 ||    19

Table legend: (Time is in decaauts)
 A = Elapsed time spent in this place.
 B = Non-inter-level travel time spent in this place.
 C = Inter-level travel time spent in this place.
 D = Time resting spent in this place.
 E = Time spent auto-exploring this place.
 F = Levels seen in this place.
 G = Mean time per level.
                   A        B        C        D        E       F      G
               +--------+--------+--------+--------+--------+-----+--------+
         Total |   4211 |   4115 |     96 |    412 |   3061 |   4 | 1052.8 |
       Dungeon |   4211 |   4115 |     96 |    412 |   3061 |   4 | 1052.8 |
               +--------+--------+--------+--------+--------+-----+--------+

Top non-repeatable levels by time:
     D:2: 1377 daAuts
     D:1: 1083 daAuts
     D:3: 879 daAuts
     D:4: 871 daAuts
